 Dungeon Crawl Stone Soup version 0.30.0-5-g1a98f26d00 (webtiles) character file.

Game seed: 3409544352144405987

1489 meatpath the Ruffian (level 8, 0/83 HPs)
             Began as a Troll Monk on May 9, 2023.
             Slain by a two-headed ogre
             ... wielding a +0 giant club
              (15 damage)
             ... on level 7 of the Dungeon.
             The game lasted 00:12:35 (5109 turns).

meatpath the Ruffian (Troll Monk)                   Turns: 5109, Time: 00:12:35

Health: 0/83       AC:  6    Str: 22    XL:     8   Next: 51%
Magic:  7/7        EV: 13    Int:  8    God:
Gold:   380        SH:  0    Dex: 18    Spells: 7/7 levels left

rFire   + .          .
                       - Unarmed
rCold   . . .        c - orb {light}
rNeg    . . .        n - +1 robe "Fyzxid" {rElec Regen+ Int-4 Dex+6}
rPois   .            (helmet restricted)
rElec   +            B - +0 cloak
rCorr   .            (gloves unavailable)
SInv    .            (boots unavailable)
Will    .....        g - amulet of the acrobat
Stlth   +            i - ring of protection from fire
HPRegen 1.93/turn    D - +6 ring of intelligence
MPRegen 0.10/turn

%: acrobat
@: glowing
A: large, unfitting armour, claws 3, regeneration 1, shaggy fur 1, tough skin 1
a: no special abilities


You were on level 7 of the Dungeon.
You visited 1 branch of the dungeon, and saw 7 of its levels.

You collected 380 gold pieces.

Inventory:

Hand Weapons
 v - the +6 hand axe "Duemare" {flame, +Blink rCorr}
   (You found it on level 3 of the Dungeon)

   +Blink:    It lets you blink.
   rCorr:     It protects you from acid and corrosion.
Missiles
 l - 4 throwing nets (quivered)
Armour
 a - a +0 robe
 c - an orb of light (worn)
 j - a +0 buckler
 m - the +0 cloak of Peek-a-Boo {Harm SInv}
   (You found it on level 2 of the Dungeon)

   SInv:      It lets you see invisible.
   Harm:      It increases damage dealt and taken.
 n - the +1 robe "Fyzxid" (worn) {rElec Regen+ Int-4 Dex+6}
   (You found it on level 2 of the Dungeon)

   Int:       It affects your intelligence (-4).
   Dex:       It affects your dexterity (+6).
   rElec:     It insulates you from electricity.
   Regen:     It increases your rate of health regeneration.
 B - a +0 cloak (worn)
Jewellery
 g - an amulet of the acrobat (around neck)
 i - a ring of protection from fire (left claw)
 t - an amulet of reflection
 D - a +6 ring of intelligence (right claw)
Wands
 s - a wand of iceblast (2)
 x - a wand of acid (8)
Scrolls
 d - a scroll of immolation
 f - 3 scrolls of blinking
 h - a scroll of magic mapping {unknown}
 k - 4 scrolls of fog {unknown}
 q - a scroll of poison {unknown}
 r - a scroll of acquirement {unknown}
 u - 3 scrolls of amnesia {unknown}
 y - a scroll of teleportation {unknown}
Potions
 b - a potion of ambrosia
 e - 3 potions of curing
 o - 2 potions of lignification {unknown}
 p - a potion of degeneration {unknown}
 w - 4 potions of heal wounds {unknown}
 z - a potion of invisibility {unknown}
 A - a potion of haste {unknown}
 C - a potion of berserk rage {unknown}
 E - a potion of magic {unknown}


   Skills:
 + Level 5.6 Fighting
 + Level 5.6 Dodging
 + Level 6.8 Unarmed Combat


You had 7 spell levels left.
You didn't know any spells.
Your spell library contained the following spells:

 Spells                   Type           Power      Damage    Failure   Level
 Static Discharge         Conj/Air       0%         2-2/arc   54%         2
 Summon Guardian Golem    Hex/Summ       0%         N/A       78%         3
 Airstrike                Air            0%         2d(0-16)  99%         4
 Summon Lightning Spire   Summ/Air       0%         N/A       99%         4
 Orb of Destruction       Conj           0%         9d5       100%        7
 Spellforged Servitor     Conj/Summ      0%         N/A       100%        7
 Storm Form               Tmut/Air       0%         N/A       100%        7
 Maxwell's Capacitive Co  Air            0%         ∞         100%        8


Dungeon Overview and Level Annotations

Branches:
Dungeon (7/15)
 Temple: D:4-7

Altars:
Makhleb
Ru
Uskayaw
Xom
Zin

Shops:
D:5 **?:(

Annotations:
D:6 1 runed translucent door, mattengel8991's ghost, novice DgFi


Innate Abilities, Weirdness & Mutations

You are too large for most types of armour.
You have claws for hands.
Your natural rate of healing is unusually fast.
You are covered in fur. (AC +1)
You have tough skin. (AC +1)


Message History

You bump into the stone wall.
You start waiting.
You feel less confused.
You hear the faint creaking of a very distant portcullis.
Found a burning altar of Makhleb.
You now have 378 gold pieces (gained 8).
You now have 380 gold pieces (gained 2).
There is a burning altar of Makhleb here.
Found a sacrificial altar of Ru.
Found a hide-covered altar of Uskayaw.
There is a hide-covered altar of Uskayaw here.
There is an open door, spattered with blood here.
Things that are here:
a +0 dagger; a +0 robe; a +0 hand axe You hear the creaking of a distant portcullis.
A two-headed ogre comes into view. It is wielding two +0 giant clubs.
Found 18 gold pieces.
The two-headed ogre shouts in stereo!
You mangle the two-headed ogre!!
The two-headed ogre is moderately wounded.
The two-headed ogre hits you with a +0 giant club!
The two-headed ogre barely misses you.
You scratch the two-headed ogre but do no damage.
The two-headed ogre is moderately wounded.
You scratch the two-headed ogre.
The two-headed ogre is moderately wounded.
The two-headed ogre hits you with a +0 giant club!!
The two-headed ogre completely misses you.
You scratch the two-headed ogre but do no damage.
The two-headed ogre is moderately wounded.
You mangle the two-headed ogre!!
The two-headed ogre is severely wounded.
The two-headed ogre hits you with a +0 giant club!!
The two-headed ogre hits you with a +0 giant club!
* * * LOW HITPOINT WARNING * * *
You claw the two-headed ogre!
The two-headed ogre is almost dead.
The two-headed ogre barely misses you.
The two-headed ogre hits you with a +0 giant club!
You die...

.. ##.# ....#
###...# #...# #.#
#.# ## ##O# .###
##@.# ...###
#####..##
...._######.....##
...####.##..#####
.####.#.##.##
##..)...#..#
........#.##
..........######
...)...........#


You could see a two-headed ogre.

Vanquished Creatures
  Edmund (D:6)
  2 water moccasins (D:6)
  2 black bears
  2 phantoms (D:6)
  2 kobold brigands
  A scorpion (D:5)
  2 howler monkeys
  A hound (D:5)
  An orc priest (D:7)
  Crazy Yiuf (D:4)
  2 jellies (D:6)
  5 iguanas
  A sleepcap (D:6)
  An orc wizard (D:7)
  10 adders
  3 gnolls (D:5)
  A white imp (D:5)
  An ufetubus (D:5)
  3 worms
  A dart slug (D:4)
  5 orcs
  5 bats
  12 endoplasms
  2 giant cockroaches
  4 hobgoblins
  3 quokkas
  12 ball pythons
  4 frilled lizards
  8 goblins
  15 kobolds
  7 rats
120 creatures vanquished.

Notes
Turn   | Place    | Note
-------+----------+-------------------------------------------
     0 | D:1      | meatpath the Troll Monk began the quest for the Orb.
     0 | D:1      | Reached XP level 1. HP: 22/22 MP: 0/0
   173 | D:1      | Reached XP level 2. HP: 26/29 MP: 1/1
   688 | D:2      | Reached XP level 3. HP: 36/36 MP: 2/2
   700 | D:2      | Identified the +0 cloak of Peek-a-Boo {Harm SInv}
   771 | D:2      | Identified the +1 robe "Fyzxid" {rElec Regen+ Int-4 Dex+6}
  1372 | D:2      | Reached XP level 4. HP: 45/45 MP: 3/3
  1877 | D:3      | Identified the +6 hand axe "Duemare" {flame, +Blink rCorr}
  1924 | D:3      | Reached skill level 4 in Unarmed Combat
  2255 | D:4      | Reached XP level 5. HP: 47/53 MP: 4/4
  2310 | D:4      | Noticed a black bear
  2445 | D:4      | Killed a black bear
  2650 | D:4      | Reached XP level 6. HP: 44/62 MP: 5/5
  2807 | D:4      | Found a runed translucent door.
  2808 | D:4      | Noticed Crazy Yiuf
  3047 | D:4      | Killed Crazy Yiuf
  3125 | D:5      | Entered Level 5 of the Dungeon
  3125 | D:5      | Found Messireh's Magic Scroll Shop.
  3125 | D:5      | Found Iwicech's Book Shoppe.
  3256 | D:5      | Reached skill level 5 in Unarmed Combat
  3341 | D:5      | Reached XP level 7. HP: 71/71 MP: 6/6
  3352 | D:5      | Found Nigas's Assorted Antiques.
  3713 | D:5      | Found Deilisio's General Store.
  3804 | D:5      | Found Diru's Weapon Emporium.
  4046 | D:6      | Found a glowing silver altar of Zin.
  4237 | D:6      | Noticed Edmund
  4253 | D:6      | Killed Edmund
  4254 | D:6      | Reached skill level 5 in Fighting
  4254 | D:6      | Reached skill level 5 in Dodging
  4254 | D:6      | Reached skill level 6 in Unarmed Combat
  4254 | D:6      | Reached XP level 8. HP: 68/80 MP: 7/7
  4475 | D:6      | Found a runed translucent door.
  4476 | D:6      | Found a shimmering altar of Xom.
  4476 | D:6      | Noticed a +0 quarterstaff of chaos
  4476 | D:6      | Noticed mattengel8991's ghost (novice DgFi)
  5028 | D:7      | Found a burning altar of Makhleb.
  5042 | D:7      | Found a sacrificial altar of Ru.
  5046 | D:7      | Found a hide-covered altar of Uskayaw.
  5095 | D:7      | Noticed a two-headed ogre
  5109 | D:7      | Slain by a two-headed ogre

Illustrated notes

Levels and vault maps discovered:
D:1:      psy_arrival_conway, layout_rooms
D:2:      minmay_chambers_of_twos, layout_basic
D:3:      layout_rooms, serial_corexii_hall, chequers_hall_statues_y,
          chequers_hall_statues_wall_a
D:4:      layout_rooms, lexackson_kobold_supper, uniq_crazy_yiuf_cottage
D:5:      layout_loops_ring, serial_shops, nicolae_shop_back_alley_shop,
          nicolae_shop_behind_doors, shop, shop, shop, eino_tiny_chamber,
          serial_bayou_ford_a
D:6:      layout_loops_ring, overflow_temple_1_default, ebering_ghost_xom,
          uniq_edmund
D:7:      layout_rooms, minmay_overflow_temple_star_quad,
          mainiacjoe_overflow_boulevard, minmay_temple_entry_from_below_a,
          enter_bailey_2, minmay_manual_moon

Skill      XL: |  1  2  3  4  5  6  7 |
---------------+----------------------+-----
Dodging        | 3 4 5 |  5.6
Fighting       | 3 4 5 |  5.6
Unarmed Combat | 4 5 6 |  6.8

Action                     |  1- 3 |  4- 6 |  7- 9 || total
---------------------------+-------+-------+-------++-------
  Melee: Unarmed           |    76 |   123 |    98 ||   297
    Use: Scroll            |     1 |     2 |       ||     3
 Armour: Robe              |    23 |    15 |    16 ||    54
  Dodge: Dodged            |    39 |    57 |    66 ||   162
